 Dungeon Crawl Stone Soup version 0.21.1-1-g345015fe64 (webtiles) character file.

33 Ivernyr the Charmwright (level 3, -5/28 HPs)
             Began as a Demonspawn Skald on Apr 28, 2018.
             Slain by Sigmund
             ... wielding a +0 scythe
              (9 damage)
             ... on level 2 of the Dungeon.
             The game lasted 00:02:05 (1551 turns).

Ivernyr the Charmwright (Demonspawn Skald)          Turns: 1551, Time: 00:02:06

Health: -5/28      AC:  3    Str: 11    XL:     3   Next: 12%
Magic:  5/6        EV: 12    Int: 14    God:
Gold:   77         SH:  0    Dex: 13    Spells: 5/6 levels left

rFire    . . .     SeeInvis .   a - +0 falchion
rCold    . . .     Gourm    .   (no shield)
rNeg     . . .     Faith    .   b - +0 leather armour
rPois    .         Spirit   .   (helmet restricted)
rElec    .         Reflect  .   (no cloak)
rCorr    +         Harm     .   (no gloves)
MR       .....                  (no boots)
Stlth    +.........             (no amulet)
HPRegen  0.09/turn              h - ring of resist corrosion
MPRegen  0.10/turn              (no ring)

@: no status effects
A: antennae 2
a: no special abilities


You were on level 2 of the Dungeon.
You were very hungry.

You visited 1 branch of the dungeon, and saw 2 of its levels.

You collected 77 gold pieces.

Inventory:

Hand Weapons
 a - a +0 falchion (weapon)
Armour
 b - a +0 leather armour (worn)
Jewellery
 h - a ring of resist corrosion (left hand)
 o - a +3 ring of dexterity {unknown}
Scrolls
 e - 3 scrolls of identify {unknown}
 g - 4 scrolls of remove curse {unknown}
 i - 2 scrolls of amnesia {unknown}
 k - a scroll of noise {unknown}
Potions
 f - a potion of heal wounds {unknown}
 j - a potion of haste {unknown}
 l - a potion of degeneration {unknown}
 m - a potion of might {unknown}
 n - 2 potions of curing {unknown}
Books
 c - a book of Battle

   Spells                             Type                      Level
   a - Infusion                       Charms                       1
   b - Shroud of Golubria             Charms/Translocation         2
   c - Song of Slaying                Charms                       2
   d - Spectral Weapon                Hexes/Charms                 3
   e - Regeneration                   Charms/Necromancy            3
Comestibles
 d - 5 rations


   Skills:
 + Level 2.3 Fighting
 + Level 2.1 Long Blades
 * Level 1.8 Armour
 - Level 1.7 Dodging
 - Level 2.0 Spellcasting
 + Level 3.0 Charms


You had 5 spell levels left.
You knew the following spells:

 Your Spells              Type           Power        Failure   Level  Hunger
a - Infusion              Chrm           #...         9%          1    ##.....


Dungeon Overview and Level Annotations

Branches:
Dungeon (2/15)

Altars:

Annotations:
D:2 Sigmund


Innate Abilities, Weirdness & Mutations

You have a pair of antennae on your head.


Message History

Sigmund hits you but does no damage.
You bump into the rock wall.
You feel less confused. Sigmund hits you but does no damage.
You hit Sigmund.
Sigmund is heavily wounded.
Sigmund closely misses you.
You closely miss Sigmund.
Sigmund is heavily wounded.
Sigmund hits you but does no damage.
You closely miss Sigmund.
Sigmund is heavily wounded.
You completely miss Sigmund.
Sigmund is heavily wounded.
Sigmund barely misses you.
You riposte.
You hit Sigmund but do no damage.
Sigmund is heavily wounded.
You barely miss Sigmund.
Sigmund is heavily wounded.
Sigmund hits you with a scythe!
You die...

#.#.#.#(...#.......#
#.#.#.#.#.#....<...#
#.#...#.#.#).......#
#.#.###.#..........#
#.#.# #.####.......#
#.#.# #......#######
#.#.##########
#.....###############
#.....'......@@......
#.....##....#########
#.....##...<........
##....######.#####..
#....# #...# ##.###
#...... #.# #........
#.# #........
#.......?


You could see Sigmund.

Vanquished Creatures
  3 dart slugs (D:1)
  A leopard gecko (D:1)
  3 bats (D:1)
  A giant cockroach (D:1)
  2 goblins (D:1)
  4 hobgoblins
  2 frilled lizards (D:1)
  4 kobolds
  8 rats (D:1)
28 creatures vanquished.

Notes
Turn   | Place    | Note
-------+----------+-------------------------------------------
     0 | D:1      | Ivernyr the Demonspawn Skald began the quest for the Orb.
     0 | D:1      | Reached XP level 1. HP: 16/16 MP: 3/3
    12 | D:1      | Reached skill level 1 in Armour
    59 | D:1      | Gained mutation: You have a pair of small antennae on your head. [demonic ancestry]
    59 | D:1      | Reached XP level 2. HP: 22/22 MP: 5/5
  1116 | D:1      | Gained mutation: You have a pair of antennae on your head. [demonic ancestry]
  1116 | D:1      | Reached XP level 3. HP: 24/28 MP: 6/6
  1165 | D:1      | Reached skill level 3 in Charms
  1524 | D:2      | Noticed Sigmund
  1551 | D:2      | Slain by Sigmund

Skill      XL: |  1  2  3 |
---------------+----------+-----
Armour         | 1 |  1.8
Long Blades    | 2 |  2.1
Charms         | 3 |  3.0
Fighting       | |  2.3
Dodging        | |  1.7
Spellcasting   | |  2.0

Action                   || total
-------------------------++-------
Melee: Falchion          ||    91
 Cast: Infusion          ||     1
 Stab: Sleeping          ||     1
  Eat: Chunk             ||     1
Armor: Leather armour    ||    19
Dodge: Dodged            ||    62
       Rpst.: Falchion   ||    19
